 Dungeon Crawl Stone Soup version 0.23.3-3-gaaff5abdbf (webtiles) character file.

Game seed: 15773118826876043041

32232 AarnesTheHuman the Warrior (level 13, 0/190 HPs)
             Began as a Minotaur Berserker on Oct 7, 2019.
             Was a High Priest of Trog.
             Slain by Rupert
             ... wielding a +0 battleaxe of chopping
              (1 damage)
             ... on level 5 of the Lair of Beasts on Sept 11, 2021.
             The game lasted 00:42:58 (18894 turns).

AarnesTheHuman the Warrior (Minotaur Berserker)    Turns: 18894, Time: 00:42:59

Health: 0/190      AC: 20    Str: 31    XL:     13   Next: 30%
Magic:  0/14       EV: 11    Int:  4    God:    Trog [*****.]
Gold:   999        SH:  0    Dex: 11    Spells: 12/12 levels left

rFire    + . .     SeeInvis +   a - +5 battleaxe
rCold    . . .     Gourm    .   (shield currently unavailable)
rNeg     . . .     Faith    .   l - +0 plate armour
rPois    .         Spirit   +   (helmet restricted)
rElec    .         Reflect  .   r - +0 cloak
rCorr    .         Harm     .   w - +0 pair of gloves
MR       ++...                  (no boots)
Stlth    ..........             D - amulet of guardian spirit
HPRegen  1.41/turn              d - ring of see invisible
MPRegen  0.14/turn              H - ring of protection from fire

@: berserking, regenerating, very quick
A: retaliatory headbutt, horns 2
a: Berserk, Trog's Hand, Brothers in Arms, Renounce Religion


You were on level 5 of the Lair of Beasts.
You worshipped Trog.
Trog was extremely pleased with you.
You were near starving.

You visited 2 branches of the dungeon, and saw 18 of its levels.

You collected 999 gold pieces.

Inventory:

Hand Weapons
 a - a +5 battleaxe (weapon)
 b - a +0 triple crossbow
 o - a +1 scimitar of flaming
 t - a +1 dagger of holy wrath
 L - the +8 glaive of Misery {antimagic, rElec}
   (Trog gifted it to you on level 3 of the Lair of Beasts)

   It reduces the magical energy of the wielder, and disrupts the spells and
   magical abilities of those hit.
   Natural abilities and divine invocations are not affected.
   It insulates you from electricity.
Missiles
 i - an exploding tomahawk
 n - 6 javelins
 x - 177 bolts
 z - 2 javelins of penetration (quivered)
Armour
 l - a +0 plate armour (worn)
 r - a +0 cloak (worn)
 w - a +0 pair of gloves (worn)
Jewellery
 d - a ring of see invisible (left hand)
 D - an amulet of guardian spirit (around neck)
 F - an uncursed ring of ice
 H - a ring of protection from fire (right hand)
 I - an uncursed ring of stealth {unknown}
Wands
 g - a wand of acid (17)
 s - a wand of disintegration (52)
 y - a wand of paralysis (20)
 J - a wand of polymorph (9)
 O - a wand of flame (32)
 P - a wand of iceblast (6)
Scrolls
 k - 2 scrolls of immolation
 m - a scroll of magic mapping
 q - a scroll of fog
 u - 8 scrolls of teleportation
 C - a scroll of summoning
 G - 3 scrolls of remove curse
 M - a scroll of holy word {unknown}
 N - a scroll of identify
 Q - a scroll of enchant weapon {unknown}
Potions
 e - 2 potions of invisibility
 f - a potion of might
 h - a potion of heal wounds
 j - 5 potions of curing
 p - 3 potions of lignification
 v - 4 potions of haste
 B - 4 potions of flight
 E - 2 potions of ambrosia
 K - 2 potions of mutation {unknown}
Comestibles
 c - 20 rations


   Skills:
 + Level 15.2 Fighting
 + Level 8.5(10.6) Axes
 - Level 10.2(11.4) Polearms
 + Level 6.7 Crossbows
 + Level 15.1 Armour
 - Level 5.3 Dodging
 - Level 3.0 Evocations


You had 12 spell levels left.
You didn't know any spells.
Your spell library was empty.

Dungeon Overview and Level Annotations

Branches:
Dungeon (13/15)            Temple (0/1) D:5            Lair (5/6) D:11
 Shoals (0/4) Lair:3        Snake (0/4) Lair:3          Orc (0/2) D:9
  Slime: Lair:5-6    Vaults: D:13-14

Altars:
Cheibriados
Dithmenos
Gozag
Hepliaklqana
Kikubaaqudgha
Makhleb
Sif Muna
Uskayaw

Shops:
D:5 %

Annotations:
Lair:1 exclusion: 2 oklob plants
Lair:5 Rupert


Innate Abilities, Weirdness & Mutations

You reflexively headbutt those who attack you in melee.
You have a pair of horns on your head.


Message History

Your troll dies!
Your troll's corpse disappears in a puff of smoke!
Rupert hits you with a +0 battleaxe of chopping!!
* * * LOW HITPOINT WARNING * * *
x2 You barely miss Rupert.
Rupert shouts!
Rupert is heavily wounded.
You slash the plant! Rupert barely misses you.
You hit Rupert but do no damage. You headbutt Rupert.
Rupert is heavily wounded.
You slash the plant!
Rupert hits you with a +0 battleaxe of chopping!
* * * LOW HITPOINT WARNING * * *
x2 You slice Rupert!!
You headbutt Rupert!
Rupert is severely wounded.
You slice the plant!!
You destroy the plant!
Rupert hits you with a +0 battleaxe of chopping!!
* * * LOW HITPOINT WARNING * * *
You die...

##....#
#....# ##
#....##.##
##........
##........
#.........
#.....P...
#....#..##
#.@..####
#..@.#
##...#
P.....
P......
##........
#........
.........


You could see Rupert (berserk).

Vanquished Creatures
  Gastronok (D:8)
  3 hydras
  A two-headed ogre (D:9)
  Erica (Lair:1)
  Nergalle (Lair:1)
  2 unseen horrors
  A lindwurm (Lair:3)
  An ugly thing (D:12)
  A manticore (Lair:3)
  An oklob plant (Lair:4)
  Maurice (D:10)
  6 elephants
  Joseph (D:7)
  2 black mambas
  4 spiny frogs
  2 gargoyles (D:10)
  A centaur skeleton (D:11)
  5 komodo dragons
  An efreet (D:10)
  2 trolls
  A hornet (Lair:3)
  Grinder (D:4)
  4 hippogriffs
  5 blink frogs (Lair:4)
  A wraith (D:11)
  A vampire (D:12)
  2 wyverns
  3 basilisks
  15 yaks
  2 hungry ghosts (D:9)
  2 nagas (Lair:3)
  Grum (D:8)
  10 water moccasins
  3 ice beasts
  8 porcupines
  2 black bears
  6 sky beasts
  An eye of draining (D:10)
  5 orc warriors
  3 phantoms
  12 wolves
  2 centaurs
  5 ogres
  11 crocodiles
  4 big kobolds
  5 bullfrogs
  2 wyvern zombies
  A gnoll sergeant (D:8)
  5 scorpions
  2 troll zombies (D:9)
  5 killer bees (D:9)
  13 wights
  4 howler monkeys
  2 electric eels
  9 crimson imps
  A centaur zombie (D:9)
  A bullfrog zombie (D:11)
  6 jellies
  8 orc priests
  4 orc wizards
  4 hounds
  2 bullfrog skeletons
  2 iguanas
  10 worker ants
  6 ogre zombies (D:9)
  9 gnolls
  18 adders
  3 shadow imps
  6 oozes
  3 worms
  2 dart slugs (D:1)
  2 leopard geckos
  28 orcs
  2 ball pythons
  11 giant cockroaches
  7 goblins
  10 hobgoblins
  15 jackals
  6 quokkas
  8 bats
  7 frilled lizards
  A giant cockroach zombie (D:5)
  2 goblin skeletons (D:9)
  A goblin zombie (D:9)
  2 hobgoblin skeletons (D:9)
  4 hobgoblin zombies (D:9)
  29 kobolds
  3 orc skeletons (D:9)
  13 orc zombies (D:9)
  2 quokka skeletons
  6 rats
  A fungus (Lair:4)
  2 plants (Lair:5)
443 creatures vanquished.

Vanquished Creatures (collateral kills)
  Fannar (Lair:1)
  A komodo dragon (Lair:5)
  A water moccasin (Lair:3)
3 creatures vanquished.

Vanquished Creatures (others)
  An orc wizard (D:7)
  2 orcs (D:11)
  4 plants (Lair:3)
7 creatures vanquished.

Grand Total: 453 creatures vanquished

Notes
Turn   | Place    | Note
-------+----------+-------------------------------------------
     0 | D:1      | AarnesTheHuman the Minotaur Berserker began the quest for
                  | the Orb.
     0 | D:1      | Reached XP level 1. HP: 19/19 MP: 0/0
   138 | D:1      | Reached XP level 2. HP: 27/27 MP: 1/1
   706 | D:2      | Reached ** piety under Trog
   706 | D:2      | Reached XP level 3. HP: 29/33 MP: 2/2
  1263 | D:2      | Reached XP level 4. HP: 9/40 MP: 3/3
  1846 | D:2      | Reached XP level 5. HP: 42/47 MP: 4/4
  2485 | D:3      | Reached *** piety under Trog
  2565 | D:3      | Reached skill level 5 in Polearms
  2793 | D:3      | Reached skill level 5 in Fighting
  2916 | D:4      | Noticed Grinder
  2917 | D:4      | Paralysed by Grinder for 7 turns
  2919 | D:4      | Noticed a sky beast
  2926 | D:4      | Paralysed by Grinder for 5 turns
  2933 | D:4      | Killed a sky beast
  2933 | D:4      | Reached skill level 1 in Evocations
  2933 | D:4      | Reached XP level 6. HP: 37/56 MP: 5/5
  2941 | D:4      | Killed Grinder
  2941 | D:4      | Reached XP level 7. HP: 46/61 MP: 5/7
  3085 | D:4      | Reached skill level 5 in Armour
  3690 | D:4      | Found a burning altar of Makhleb.
  3693 | D:4      | Found an opulent altar of Gozag.
  3695 | D:4      | Found a hide-covered altar of Uskayaw.
  4194 | D:5      | Entered Level 5 of the Dungeon
  4245 | D:5      | Reached **** piety under Trog
  4306 | D:5      | Found Zunawi's Food Emporium.
  4406 | D:5      | Found a staircase to the Ecumenical Temple.
  4514 | D:5      | Found a hazy altar of Hepliaklqana.
  4579 | D:5      | Reached skill level 5 in Dodging
  4589 | D:5      | Reached XP level 8. HP: 26/70 MP: 7/9
  5527 | D:6      | Upgraded the game from 0.23.2-40-g277498a001 to
                  | 0.23.3-3-gaaff5abdbf
  5842 | D:7      | Noticed Joseph
  5855 | D:7      | Killed Joseph
  6194 | D:7      | Found a faded altar of an unknown god.
  6194 | D:7      | Found a snail-covered altar of Cheibriados.
  6199 | D:7      | Found an ancient bone altar of Kikubaaqudgha.
  6201 | D:7      | Found a faded altar of an unknown god.
  6203 | D:7      | Found a deep blue altar of Sif Muna.
  6259 | D:7      | Received a gift from Trog
  6259 | D:7      | Reached XP level 9. HP: 76/81 MP: 10/10
  6476 | D:7      | Found a shadowy altar of Dithmenos.
  7007 | D:8      | Noticed Gastronok
  7026 | D:8      | Killed Gastronok
  7026 | D:8      | Reached skill level 10 in Fighting
  7026 | D:8      | Reached skill level 10 in Polearms
  7026 | D:8      | Reached XP level 10. HP: 40/93 MP: 11/11
  7193 | D:8      | Reached skill level 10 in Armour
  7329 | D:8      | Reached ***** piety under Trog
  7587 | D:8      | Noticed an unseen horror
  7588 | D:8      | Noticed Grum
  7599 | D:8      | Killed Grum
  7902 | D:8      | Killed an unseen horror
  8384 | D:9      | Noticed a two-headed ogre
  8391 | D:9      | Killed a two-headed ogre
  8726 | D:9      | Reached XP level 11. HP: 65/104 MP: 8/12
  8873 | D:9      | Received a gift from Trog
  9266 | D:9      | Found a staircase to the Orcish Mines.
  9411 | D:10     | Entered Level 10 of the Dungeon
  9446 | D:10     | Noticed Maurice
  9466 | D:10     | Killed Maurice
  9946 | D:10     | Reached ****** piety under Trog
 11653 | D:11     | Noticed an unseen horror
 11788 | D:11     | Found a staircase to the Lair.
 11799 | D:11     | Killed an unseen horror
 12331 | D:11     | You fall through a shaft!
 12548 | D:12     | Noticed a red ugly thing
 12557 | D:12     | Killed a red ugly thing
 12557 | D:12     | Reached skill level 1 in Crossbows
 12865 | D:12     | Noticed a six-headed hydra
 12890 | D:11     | HP: 4/108 [three-headed hydra (9)]
 12892 | D:11     | Killed a two-headed hydra
 12892 | D:11     | Reached skill level 1 in Axes
 13384 | D:12     | Reached XP level 12. HP: 27/117 MP: 2/13
 13798 | Lair:1   | Entered Level 1 of the Lair of Beasts
 13972 | Lair:1   | Noticed Fannar
 14122 | Lair:1   | Killed Fannar
 14187 | Lair:1   | Noticed Nergalle
 14197 | Lair:1   | Killed Nergalle
 14372 | Lair:1   | Noticed a five-headed hydra
 14381 | Lair:1   | Killed a two-headed hydra
 14442 | Lair:1   | Noticed Erica
 14448 | Lair:1   | Killed Erica
 14448 | Lair:1   | Reached skill level 5 in Axes
 15499 | Lair:3   | Found a staircase to the Shoals.
 15508 | Lair:3   | Received a gift from Trog
 15899 | Lair:3   | Received a gift from Trog
 15902 | Lair:3   | Got a slimy glaive {god gift}
 15903 | Lair:3   | Identified the +8 glaive of Misery {antimagic, rElec} (Trog
                  | gifted it to you on level 3 of the Lair of Beasts)
 16106 | Lair:3   | Reached skill level 5 in Crossbows
 16369 | Lair:3   | Found a staircase to the Snake Pit.
 16858 | Lair:4   | Reached XP level 13. HP: 92/125 MP: 14/14
 17016 | Lair:4   | Reached skill level 15 in Fighting
 17471 | Lair:4   | Reached skill level 15 in Armour
 18615 | Lair:5   | Noticed Rupert
 18615 | Lair:5   | Paralysed by Rupert for 7 turns
 18894 | Lair:5   | HP: 1/190 [Rupert/+0 battleaxe of chopping (19)]
 18894 | Lair:5   | Slain by Rupert

Skill      XL: |  1  2  3  4  5  6  7  8  9 10 11 12 13 |
---------------+----------------------------------------+-----
Polearms       | 4 5 6 8 10 | 10.2
Armour         | 3 4 5 7 9 11 13 14 15 | 15.1
Fighting       | 4 5 6 8 10 12 14 15 | 15.2
Dodging        | 3 4 5 |  5.3
Evocations     | 1 2 3 |  3.0
Crossbows      | 2 5 6 |  6.7
Axes           | 1 7 8 |  8.5

Action                   |  1- 3 |  4- 6 |  7- 9 | 10-12 | 13-15 || total
-------------------------+-------+-------+-------+-------+-------++-------
Melee: Spear             |    81 |   179 |   457 |    39 |       ||   756
       Headbutt          |     8 |    21 |    92 |   120 |    28 ||   269
       Battleaxe         |       |       |       |   546 |    88 ||   634
       Scimitar          |       |       |       |    11 |     3 ||    14
 Fire: Triple crossbow   |       |       |       |    14 |     8 ||    22
Throw: Javelin           |       |       |       |    10 |       ||    10
       Tomahawk          |       |       |       |     2 |       ||     2
Invok: Berserk           |       |     1 |     4 |     2 |     2 ||     9
       Trog's Hand       |       |     1 |     1 |     1 |     2 ||     5
       Brothers in Arms  |       |       |       |     3 |     1 ||     4
  Use: Scroll            |       |       |    19 |     5 |     2 ||    26
       Potion            |       |       |       |       |     1 ||     1
 Stab: Sleeping          |       |     2 |     1 |       |       ||     3
  Eat: Chunk             |       |     7 |    17 |    22 |     5 ||    51
       Ration            |       |       |       |     7 |     1 ||     8
Armor: Animal skin       |     4 |    20 |     8 |       |       ||    32
       Leather armour    |       |       |     9 |       |       ||     9
       Plate armour      |       |       |    89 |   591 |    87 ||   767
Dodge: Dodged            |    42 |    91 |   150 |   454 |    62 ||   799
       Rpst.: Scimitar   |       |       |       |     2 |       ||     2
